 Dungeon Crawl Stone Soup version 0.30-a0-778-g2ef04afb54 (webtiles) character file.

Game seed: 9121521873220527839

102 mistaj the Shield-Bearer (level 4, -1/29 HPs)
             Began as a Gargoyle Fighter on Feb 16, 2023.
             Slain by a river rat (8 damage)
             ... in a sewer.
             The game lasted 00:04:41 (1625 turns).

mistaj the Shield-Bearer (Gargoyle Fighter)         Turns: 1625, Time: 00:04:42

Health: -1/29      AC: 10    Str: 21    XL:     4   Next: 77%
Magic:  4/4        EV:  9    Int:  9    God:
Gold:   108        SH:  4    Dex:  9    Spells: 3/3 levels left

rFire   + . .      SeeInvis +    a - +0 flail
rCold   . . .      Faith    .    c - +0 buckler
rNeg    + . .      Spirit   .    b - +0 scale mail
rPois   ∞          Reflect  .    (no helmet)
rElec   +          Harm     .    (no cloak)
rCorr   .          Rampage  .    (no gloves)
Will    .....                    (no boots) Stlth
                                 q - amulet of the acrobat
HPRegen 0.24/turn                l - ring of see invisible
MPRegen 0.09/turn                s - ring of protection from fire

@: no status effects
A: sickness immunity, AC +3, negative energy resistance 1, electricity
resistance, torment resistance 1, petrification resistance
a: no special abilities


You were in a sewer.
You visited 1 branch of the dungeon, and saw 3 of its levels.
You also visited: Sewer.

You collected 108 gold pieces.

Inventory:

Hand Weapons
 a - a +0 flail (weapon)
Missiles
 n - 4 javelins (quivered)
Armour
 b - a +0 scale mail (worn)
 c - a +0 buckler (worn)
Jewellery
 l - a ring of see invisible (left hand)
 q - an amulet of the acrobat (around neck)
 s - a ring of protection from fire (right hand)
Scrolls
 f - a scroll of enchant weapon {unknown}
 g - 2 scrolls of fog {unknown}
 i - a scroll of poison {unknown}
 m - a scroll of fear {unknown}
 o - a scroll of teleportation {unknown}
 p - a scroll of blinking {unknown}
 r - a scroll of noise {unknown}
Potions
 d - 2 potions of might
 e - a potion of haste {unknown}
 h - a potion of mutation {unknown}
 j - 2 potions of invisibility {unknown}
 k - a potion of lignification {unknown}
 t - 4 potions of flight


   Skills:
 + Level 3.9 Fighting
 * Level 3.3 Maces & Flails
 - Level 3.2 Armour
 * Level 4.5 Shields


You had 3 spell levels left.
You didn't know any spells.
Your spell library contained the following spells:

 Spells                   Type           Power      Damage    Failure   Level
 Dazzling Flash           Conj/Hex       0%         N/A       99%         3
 Iskenderun's Mystic Bla  Conj/Tloc      0%         2d3       100%        4
 Starburst                Conj/Fire      0%         6d3       100%        6


Dungeon Overview and Level Annotations

Branches:
Dungeon (3/15)              Sewer (1/1)

Altars:
Ashenzari
Hepliaklqana


Innate Abilities, Weirdness & Mutations

You are immune to sickness and miasma.
Your stone body is resilient. (AC +3)
You are immune to poison.
You resist negative energy. (rN+)
You are resistant to electric shocks. (rElec)
You are resistant to unholy torment.
You are immune to petrification.


Message History

The river rat closely misses you. x3
You hit the river rat but do no damage.
The river rat is lightly wounded.
The river rat bites you. You block the river rat's attack.
The river rat barely misses you.
You closely miss the river rat.
The river rat is lightly wounded.
You block the river rat's attack.
The river rat bites you but does no damage.
The river rat barely misses you.
The river rat bites you but does no damage.
You hit the river rat.
The river rat is moderately wounded.
The river rat barely misses you. The river rat bites you.
The river rat closely misses you. The river rat barely misses you. x2
The river rat bites you. You block the river rat's attack.
The river rat closely misses you. The river rat attacks as you move away!
The river rat bites you!
* * * LOW HITPOINT WARNING * * *
The river rat attacks as you move away!
The river rat bites you but does no damage.
The river rat closely misses you. The river rat attacks as you move away!
The river rat bites you but does no damage.
The river rat completely misses you.
There is a large open door here.
The river rat attacks as you move away! The river rat completely misses you.
You barely miss the river rat. The river rat barely misses you.
You hit the river rat.
The river rat is lightly wounded.
The river rat bites you but does no damage. x2
You closely miss the river rat.
The river rat is lightly wounded.
The river rat closely misses you.
The river rat twitches its whiskers.
The river rat bites you but does no damage.
You closely miss the river rat.
The river rat is lightly wounded.
The river rat bites you!
You die...

≈≈≈≈≈≈~≈~~~.~~~~~~~~~~.~.~~~~~.~~
######~≈~#######################~
#†≈~# ###### #~ #.≈~# ....# #~
#~≈~#####''#####++ #~
#.†~~.~........... #~
#.~~~~............
#~≈~#####'r#####++ #.≈~# #.rr@#
#.≈~# ###### #~≈~# #~≈~~ #.≈.≈≈
#~≈~~.~ #~≈~####


You could see 3 river rats.

Vanquished Creatures
  2 river rats
  An adder (Sewer)
  2 worms
  6 endoplasms
  4 giant cockroaches (D:1)
  8 hobgoblins
  A jackal (Sewer)
  6 quokkas
  11 ball pythons
  6 bats
  5 frilled lizards
  6 goblins
  3 kobolds (D:1)
  5 rats
  A spectral goblin (D:2)
67 creatures vanquished.

Notes
Turn   | Place    | Note
-------+----------+-------------------------------------------
     0 | D:1      | mistaj the Gargoyle Fighter began the quest for the Orb.
     0 | D:1      | Reached XP level 1. HP: 14/14 MP: 1/1
   231 | D:1      | Reached XP level 2. HP: 19/19 MP: 2/2
   389 | D:1      | Reached XP level 3. HP: 22/23 MP: 3/3
   636 | D:1      | Reached skill level 4 in Shields
   985 | D:2      | Identified the +12 dagger of Agasch {flame, rPois rF+
                  | Str+4}
  1138 | D:2      | Found a faded altar of an unknown god.
  1269 | D:3      | Found a broken altar of Ashenzari.
  1270 | D:3      | Found a hazy altar of Hepliaklqana.
  1356 | D:3      | Reached XP level 4. HP: 26/29 MP: 4/4
  1399 | D:3      | Found a glowing drain.
  1403 | Sewer    | Entered a sewer
  1625 | Sewer    | Slain by a river rat

Illustrated notes

Levels and vault maps discovered:
D:1:      amcnicky_arrival_underground_garden, layout_rooms
D:2:      layout_rooms, dreamdust_ecumenical_altar_drowned_temple
D:3:      layout_loops_ring, mainiacjoe_overflow_divided_tiny,
          gup_sewer_entry_spiral, goddamned_bats
Sewer:    sewer_fruit_machine

Skill      XL: |  1  2  3 |
---------------+----------+-----
Shields        | 4 |  4.5
Maces & Flails | 3 |  3.3
Fighting       | |  3.9
Armour         | |  3.2

Action                     |  1- 3 |  4- 6 || total
---------------------------+-------+-------++-------
  Melee: Flail             |   154 |   102 ||   256
 Armour: Scale mail        |    83 |    42 ||   125
  Dodge: Dodged            |    89 |    69 ||   158
  Block: Buckler           |    41 |    29 ||    70

Table legend: (Time is in decaauts)
 A = Elapsed time spent in this place.
 B = Non-inter-level travel time spent in this place.
 C = Inter-level travel time spent in this place.
 D = Time resting spent in this place.
 E = Time spent auto-exploring this place.
 F = Levels seen in this place.
 G = Mean time per level.
                   A        B        C        D        E       F      G
               +--------+--------+--------+--------+--------+-----+--------+
         Total |   1762 |   1748 |     14 |    360 |    574 |   4 |  440.5 |
       Dungeon |   1481 |   1467 |     14 |    354 |    516 |   3 |  493.7 |
         Sewer |    281 |    281 |      0 |      6 |     58 |   1 |  281.0 |
               +--------+--------+--------+--------+--------+-----+--------+

Top non-repeatable levels by time:
     D:1: 909 daAuts
     D:2: 383 daAuts
   Sewer: 281 daAuts
     D:3: 188 daAuts
